 Dungeon Crawl Stone Soup version 0.30-a0-718-geaa24f58ff (webtiles) character file.

Game seed: 12741214451742821033

17 sokol815 the Shooter (level 2, 0/24 HPs)
             Began as a Demigod Hunter on Jan 25, 2023.
             Succumbed to a goblin's poison
             ... on level 1 of the Dungeon.
             The game lasted 00:00:42 (263 turns).

sokol815 the Shooter (Demigod Hunter)                Turns: 263, Time: 00:00:44

Health: 0/24       AC:  5    Str: 12    XL:     2   Next: 30%
Magic:  4/4        EV: 12    Int: 11    God:
Gold:   61         SH:  0    Dex: 17    Spells: 1/1 levels left

rFire   . . .      SeeInvis .    a - +0 shortbow
rCold   . . .      Faith    .    (shield currently unavailable)
rNeg    . . .      Spirit   .    c - +0 leather armour
rPois   .          Reflect  .    (no helmet)
rElec   .          Harm     .    (no cloak)
rCorr   .          Rampage  .    (no gloves)
Will    +....                    (no boots)
Stlth   ++                       (no amulet)
HPRegen 0.24/turn                (no ring)
MPRegen 0.09/turn                (no ring)

@: brilliant, lethally poisoned (0 -> -2)
A: high MP 1, forlorn, divine attributes, iridescent scales 1, strong-willed 1
a: no special abilities


You were on level 1 of the Dungeon.
You visited 1 branch of the dungeon, and saw 1 of its levels.

You collected 61 gold pieces.

Inventory:

Hand Weapons
 a - a +0 shortbow (weapon)
 g - a +1 dagger of venom
   (You took it off a goblin on level 1 of the Dungeon)
Armour
 c - a +0 leather armour (worn)
Scrolls
 b - a scroll of poison {unknown}
 d - 2 scrolls of identify {unknown}
 K - a scroll of immolation {!r}


   Skills:
 + Level 2.1 Fighting
 * Level 4.0 Ranged Weapons
 + Level 2.0 Dodging
 - Level 0.8 Stealth


You had one spell level left.
You didn't know any spells.
Your spell library was empty.

Dungeon Overview and Level Annotations

Branches:
Dungeon (1/15) Zot: 5725


Innate Abilities, Weirdness & Mutations

You have an increased reservoir of magic. (+10% MP)
You shall have no god before yourself.
Your divine heritage dramatically boosts your attributes as you level up.
You are partially covered in iridescent scales. (AC +2)
You are strong-willed. (Will+)


Message History

No target in view!
A kobold comes into view. It is wielding a +0 dagger.
You shoot an arrow.
The arrow hits the kobold but does no damage.
The kobold shouts!
You shoot an arrow. The arrow hits the kobold.
You shoot an arrow. The arrow hits the kobold.
You kill the kobold!
No target in view!
No target in view!
A bat comes into view.
You shoot an arrow. The arrow hits the bat.
You kill the bat!
You have reached level 2!
Health restored: 24; MP restored: 4
f - a bubbling cyan potion You open the door.
There is an open door here.
A rat comes into view.
You shoot an arrow. The arrow closely misses the rat.
You shoot an arrow. The arrow hits the rat!
You kill the rat!
No target in view!
No target in view!
A bat comes into view.
The bat moves out of view.
A bat is nearby!
You shoot an arrow.
The arrow hits the bat but does no damage.
The bat closely misses you. The bat hits you but does no damage. x2
You shoot an arrow. The arrow hits the bat!
You kill the bat!
No target in view!
No target in view!
You now have 61 gold pieces (gained 11).
A bat comes into view.
You shoot an arrow. The arrow barely misses the bat.
The bat barely misses you.
You shoot an arrow. The arrow hits the bat!
You kill the bat!
No target in view!
No target in view!
You open the door.
An endoplasm comes into view.
There is an open door here.
You shoot an arrow. The arrow hits the endoplasm.
You kill the endoplasm!
No target in view!
No target in view!
A kobold comes into view. It is wielding a +0 dagger.
You shoot an arrow. The arrow hits the kobold.
You kill the kobold!
No target in view!
No target in view!
A goblin comes into view. It is wielding a +1 dagger of venom.
The goblin shouts!
You shoot an arrow. The arrow hits the goblin.
The goblin hits you with a +1 dagger of venom. x2
You are poisoned.
You take 2 damage, and have 22/24 hp.
You shoot an arrow. The arrow barely misses the goblin.
You feel very sick.
The goblin hits you with a +1 dagger of venom.
You are lethally poisoned!
You take 6 damage, and have 16/24 hp.
MASSIVE DAMAGE!!
You shoot an arrow. The arrow hits the goblin!
You kill the goblin!
You feel very sick.
Your Ranged Weapons skill increases to level 4!
You take 5 damage, and have 11/24 hp.
MASSIVE DAMAGE!!
You are too injured to fight recklessly!
Unknown command.
You feel very sick.
You see here a +1 dagger of venom.
You take 3 damage, and have 8/24 hp.
g - a +1 dagger of venom
* * * LOW HITPOINT WARNING * * *
You feel very sick.
You take 2 damage, and have 6/24 hp.
* * * LOW HITPOINT WARNING * * *
You feel sick.
You take 2 damage, and have 4/24 hp.
* * * LOW HITPOINT WARNING * * *
You feel sick.
You take 1 damage, and have 3/24 hp.
It was a potion of mutation.
You feel extremely strange.
Iridescent scales grow over part of your body.
You feel strong-willed.
* * * LOW HITPOINT WARNING * * *
You feel sick.
You take 1 damage, and have 2/24 hp.
It was a potion of brilliance.
You feel clever all of a sudden.
* * * LOW HITPOINT WARNING * * *
You feel sick.
* * * LOW HITPOINT WARNING * * *
You feel sick.
You take 1 damage, and have 1/24 hp.
You die...

#.. ##### #.#
#$@.###.#
#.#...#.#
#.#...#.#
#.#...#.#
#.#...#.#
#.#...#.#####.
#.#.).........#
#.#..###........
. #.............
.


There were no monsters in sight!

Vanquished Creatures
  2 dart slugs (D:1)
  2 endoplasms (D:1)
  A goblin (D:1)
  A quokka (D:1)
  3 bats (D:1)
  2 kobolds (D:1)
  2 rats (D:1)
13 creatures vanquished.

Notes
Turn   | Place    | Note
-------+----------+-------------------------------------------
     0 | D:1      | sokol815 the Demigod Hunter began the quest for the Orb.
     0 | D:1      | Reached XP level 1. HP: 17/17 MP: 3/3
   156 | D:1      | Reached skill level 2 in Fighting
   156 | D:1      | Reached skill level 2 in Dodging
   183 | D:1      | Reached XP level 2. HP: 24/24 MP: 4/4
   256 | D:1      | Reached skill level 4 in Ranged Weapons
   257 | D:1      | HP: 6/24 [poisoned by a goblin]
   260 | D:1      | Gained mutation: You are partially covered in iridescent
                  | scales. (AC +2) [potion of mutation]
   260 | D:1      | Gained mutation: You are strong-willed. (Will+) [potion of
                  | mutation]
   260 | D:1      | HP: 2/24 [poisoned by a goblin]
   263 | D:1      | Succumbed to a goblin's poison

Illustrated notes

Levels and vault maps discovered:
D:1:      psy_arrival_whirlpool, layout_basic, st_stairs_1,
          kennysheep_decorative_pillar, minmay_heptomino_l4

Skill      XL: |  1  2 |
---------------+-------+-----
Fighting       | 2 |  2.1
Dodging        | 2 |  2.0
Ranged Weapons | 4 |  4.0
Stealth        | |  0.8

Action                     || total
---------------------------++-------
   Fire: Shortbow          ||    29
    Use: Potion            ||     2
 Armour: Leather armour    ||     3
  Dodge: Dodged            ||     6

Table legend: (Time is in decaauts)
 A = Elapsed time spent in this place.
 B = Non-inter-level travel time spent in this place.
 C = Inter-level travel time spent in this place.
 D = Time resting spent in this place.
 E = Time spent auto-exploring this place.
 F = Levels seen in this place.
 G = Mean time per level.
                   A        B        C        D        E       F      G
               +--------+--------+--------+--------+--------+-----+--------+
         Total |    274 |    274 |      0 |      0 |    209 |   1 |  274.0 |
       Dungeon |    274 |    274 |      0 |      0 |    209 |   1 |  274.0 |
               +--------+--------+--------+--------+--------+-----+--------+

Top non-repeatable levels by time:
     D:1: 274 daAuts

Table legend:
 A = Kills in this place as a percentage of kills in entire the game.
 B = Kills by you in this place as a percentage of kills by you in the entire game.
 C = Kills by friends in this place as a percentage of kills by friends in the entire game.
 D = Other kills in this place as a percentage of other kills in the entire game.
 E = Experience gained in this place as a percentage of experience gained in the entire game.
 F = Experience gained in this place divided by the number of levels of this place that you have seen.
                   A       B       C       D       E      F
               +-------+-------+-------+-------+-------+----------------------
         Total | 100.0 | 100.0 |   N/A |   N/A | 100.0 |  25.0
       Dungeon | 100.0 | 100.0 |   N/A |   N/A | 100.0 |  25.0
               +-------+-------+-------+-------+-------+----------------------
